NCAA
PENN STATE NITTANY LIONS @ SAINT JOHN'S RED STORM
04/27/2028
 
TOP OF THE 1ST
Penn State Nittany Lions batting - Pitching for Saint John's Red Storm : RHP Ángel Gil
Pitching: RHP Ángel Gil
Batting: RHB José Rodríguez 0-0: Ball
1-0: Bunted foul
1-1: Ball
2-1: Foul Ball, location: 2F
2-2: Ball
3-2: Ground out 4-3 (Groundball, 4)
Batting: RHB Lane Wilcox 0-0: Called Strike
0-1: Ground out 6-3 (Groundball, 6)
Batting: LHB Bill Green 0-0: Swinging Strike
0-1: Called Strike
0-2: Ball
1-2: Foul Ball, location: 2F
1-2: Ball
2-2: Foul Ball, location: 2F
2-2: Strikes out swinging
Top of the 1st over - 0 run(s), 0 hit(s), 0 error(s), 0 left on base; Penn State 0 - Saint John's 0
BOTTOM OF THE 1ST
Saint John's Red Storm batting - Pitching for Penn State Nittany Lions : LHP Will Hurt
Pitching: LHP Will Hurt
Batting: SHB Roderick Thurman 0-0: Called Strike
0-1: Ball
1-1: Called Strike
1-2: Strikes out swinging
Batting: RHB Fred Wagner 0-0: Ball
1-0: Swinging Strike
1-1: Ball
2-1: Foul Ball, location: 2F
2-2: Foul Ball, location: 2F
2-2: Ball
3-2: Base on Balls
Batting: RHB Jeffery Evans 0-0: Ground out U3 (Groundball, 34S)
Fred Wagner to second
Batting: SHB Richard Coupland 0-0: Called Strike
0-1: Swinging Strike
0-2: Ball
1-2: Ball
2-2: Ball
Wild Pitch!
Fred Wagner to third
3-2: SINGLE (Line Drive, 89S)
Fred Wagner scores
Batting: LHB Richard Shelton 0-0: Ball
1-0: Called Strike
1-1: Ball
2-1: Ball
3-1: Swinging Strike
3-2: Strikes out looking
Bottom of the 1st over - 1 run(s), 1 hit(s), 0 error(s), 1 left on base; Penn State 0 - Saint John's 1
TOP OF THE 2ND
Penn State Nittany Lions batting - Pitching for Saint John's Red Storm : RHP Ángel Gil
Batting: LHB Ángel Santos 0-0: Called Strike
0-1: Fly out, F6 (Line Drive, 6)
Batting: SHB Francisco Madrigal 0-0: Foul Ball, location: 2F
0-1: Foul Ball, location: 2F
0-2: Strikes out looking
Batting: LHB Mauro Flores 0-0: Called Strike
0-1: Ball
1-1: Called Strike
1-2: Strikes out swinging
Top of the 2nd over - 0 run(s), 0 hit(s), 0 error(s), 0 left on base; Penn State 0 - Saint John's 1
BOTTOM OF THE 2ND
Saint John's Red Storm batting - Pitching for Penn State Nittany Lions : LHP Will Hurt
Batting: RHB Mark Lester 0-0: Foul Ball, location: 2F
0-1: Ground out 6-3 (Groundball, 56)
Batting: SHB Michael O'Quigley 0-0: Ball
1-0: Ball
2-0: Ball
3-0: Called Strike
3-1: Foul Ball, location: 2F
3-2: Strikes out swinging
Batting: RHB Pete King 0-0: Ball
1-0: DOUBLE (Line Drive, 7LM)
Batting: RHB Thomas Barnes 0-0: Called Strike
0-1: Foul Ball, location: 2F
0-2: Strikes out swinging
Bottom of the 2nd over - 0 run(s), 1 hit(s), 0 error(s), 1 left on base; Penn State 0 - Saint John's 1
TOP OF THE 3RD
Penn State Nittany Lions batting - Pitching for Saint John's Red Storm : RHP Ángel Gil
Batting: LHB James Macías 0-0: Reached on error, E3 (Groundball, 3D)
Batting: LHB Steve King 0-0: Ball
1-0: Swinging Strike
1-1: Foul Ball, location: 2F
1-2: Strikes out swinging
Batting: SHB Danny Parkins 0-0: Called Strike
0-1: Foul Ball, location: 2F
0-2: Ball
1-2: Strikes out swinging
Batting: RHB José Rodríguez 0-0: Called Strike
0-1: Ball
1-1: Ball
2-1: Foul Ball, location: 2F
2-2: Ball
3-2: Base on Balls
James Macías to second
Batting: RHB Lane Wilcox 0-0: Called Strike
0-1: Ball
1-1: Ball
2-1: Foul Ball, location: 2F
2-2: Ball
3-2: Foul Ball, location: 2F
3-2: SINGLE (Groundball, 56D)
James Macías to third
José Rodríguez to second
James Macías scores
José Rodríguez to third
Batting: LHB Bill Green 0-0: Ball
1-0: Called Strike
1-1: Foul Ball, location: 2F
1-2: Foul Ball, location: 2F
1-2: Ground out 5-3 (Groundball, 56)
Top of the 3rd over - 1 run(s), 1 hit(s), 1 error(s), 2 left on base; Penn State 1 - Saint John's 1
BOTTOM OF THE 3RD
Saint John's Red Storm batting - Pitching for Penn State Nittany Lions : LHP Will Hurt
Batting: SHB Roderick Thurman 0-0: Ground out 1-3 (Groundball, 15S)
Batting: RHB Fred Wagner 0-0: Ball
1-0: Fly out, F9 (Flyball, 9LM)
Batting: RHB Jeffery Evans 0-0: Called Strike
0-1: Ground out 6-3 (Groundball, 6)
Bottom of the 3rd over - 0 run(s), 0 hit(s), 0 error(s), 0 left on base; Penn State 1 - Saint John's 1
TOP OF THE 4TH
Penn State Nittany Lions batting - Pitching for Saint John's Red Storm : RHP Ángel Gil
Batting: LHB Ángel Santos 0-0: Called Strike
0-1: Ball
1-1: Foul Ball, location: 2F
1-2: Ball
2-2: Ground out 4-3 (Groundball, 34)
Batting: SHB Francisco Madrigal 0-0: Ball
1-0: Ground out 6-3 (Groundball, 6)
Batting: LHB Mauro Flores 0-0: Ball
1-0: Swinging Strike
1-1: Swinging Strike
1-2: Ground out 4-3 (Groundball, 4)
Top of the 4th over - 0 run(s), 0 hit(s), 0 error(s), 0 left on base; Penn State 1 - Saint John's 1
BOTTOM OF THE 4TH
Saint John's Red Storm batting - Pitching for Penn State Nittany Lions : LHP Will Hurt
Batting: SHB Richard Coupland 0-0: Ball
1-0: Ball
2-0: Ball
3-0: Foul Ball, location: 2F
3-1: Base on Balls
Batting: LHB Richard Shelton 0-0: Called Strike
0-1: Called Strike
0-2: Strikes out swinging
Batting: RHB Mark Lester 0-0: Ball
1-0: Ball
2-0: Called Strike
2-1: Called Strike
2-2: Foul Ball, location: 2F
2-2: Foul Ball, location: 2F
2-2: Fly out, F5 (Popup, 56)
Batting: SHB Michael O'Quigley 0-0: Ball
Richard Coupland steals 2nd base
1-0: Ball
2-0: Foul Ball, location: 2F
2-1: Swinging Strike
2-2: Ball
3-2: Base on Balls
Batting: RHB Pete King 0-0: Ball
1-0: Called Strike
1-1: Ball
2-1: Foul Ball, location: 2F
2-2: SINGLE (Groundball, 6D)
Richard Coupland to third
Michael O'Quigley to second
Runner from 3rd tries for Home, SAFE, throw made at trailing runner, SAFE at third!
Batting: RHB Thomas Barnes 0-0: Ball
1-0: Ball
2-0: Ball
3-0: Base on Balls
Pete King to second
Batting: SHB Roderick Thurman 0-0: Called Strike
0-1: Swinging Strike
0-2: Foul Ball, location: 2F
0-2: Foul Ball, location: 2F
0-2: Foul Ball, location: 2F
0-2: Ball
1-2: Ball
2-2: Foul Ball, location: 2F
2-2: Foul Ball, location: 2F
2-2: Foul Ball, location: 2F
2-2: Fly out, F8 (Flyball, 8RM)
Bottom of the 4th over - 1 run(s), 1 hit(s), 0 error(s), 3 left on base; Penn State 1 - Saint John's 2
TOP OF THE 5TH
Penn State Nittany Lions batting - Pitching for Saint John's Red Storm : RHP Ángel Gil
Batting: LHB James Macías 0-0: Ball
1-0: Swinging Strike
1-1: Ball
2-1: Called Strike
2-2: Ball
3-2: Foul Ball, location: 2F
3-2: Base on Balls
Batting: LHB Steve King 0-0: Called Strike
0-1: Called Strike
0-2: Foul Ball, location: 2F
0-2: Ball
1-2: Foul Ball, location: 2F
1-2: Grounds into double play, 4-6-3 (Groundball, 4)
Batting: SHB Danny Parkins 0-0: Fly out, F6 (Line Drive, 6)
Top of the 5th over - 0 run(s), 0 hit(s), 0 error(s), 0 left on base; Penn State 1 - Saint John's 2
BOTTOM OF THE 5TH
Saint John's Red Storm batting - Pitching for Penn State Nittany Lions : LHP Will Hurt
Pitching: RHP Gary Yarn
Batting: RHB Fred Wagner 0-0: Ball
1-0: Ball
2-0: Ball
3-0: Base on Balls
Batting: RHB Jeffery Evans 0-0: Ball
1-0: Swinging Strike
1-1: Ball
2-1: Ball
3-1: Foul Ball, location: 2F
3-2: Base on Balls
Fred Wagner to second
Batting: SHB Richard Coupland 0-0: Fly out, F9 (Flyball, 9S)
Batting: LHB Richard Shelton 0-0: 3-RUN HOME RUN (Flyball, 9D), Distance : 351 ft
Pitching: RHP John Parks
Batting: RHB Mark Lester 0-0: SOLO HOME RUN (Flyball, 7D), Distance : 353 ft
Batting: SHB Michael O'Quigley 0-0: Ball
1-0: Ground out 3-1 (Groundball, 34S)
Batting: RHB Pete King 0-0: Called Strike
0-1: Ball
1-1: Swinging Strike
1-2: Ball
2-2: Foul Ball, location: 2F
2-2: Ball
3-2: Base on Balls
Batting: RHB Thomas Barnes 0-0: Called Strike
0-1: Foul Ball, location: 2F
0-2: Hit by Pitch
Pete King to second
Batting: SHB Roderick Thurman 0-0: Called Strike
0-1: Foul Ball, location: 2F
0-2: Ball
1-2: Strikes out swinging
Bottom of the 5th over - 4 run(s), 2 hit(s), 0 error(s), 2 left on base; Penn State 1 - Saint John's 6
TOP OF THE 6TH
Penn State Nittany Lions batting - Pitching for Saint John's Red Storm : RHP Ángel Gil
Batting: RHB José Rodríguez 0-0: Ball
1-0: Foul Ball, location: 2F
1-1: Swinging Strike
1-2: SOLO HOME RUN (Flyball, 9D), Distance : 342 ft
Pitching: RHP Andrew Luna
Batting: RHB Lane Wilcox 0-0: Fly out, F8 (Flyball, 8RS)
Batting: LHB Bill Green 0-0: Called Strike
0-1: Ball
1-1: Foul Ball, location: 2F
1-2: Ball
2-2: Foul Ball, location: 2F
2-2: Foul Ball, location: 2F
2-2: Fly out, F7 (Line Drive, 7S)
Batting: LHB Ángel Santos 0-0: Ball
1-0: Swinging Strike
1-1: Ground out 4-3 (Groundball, 4)
Top of the 6th over - 1 run(s), 1 hit(s), 0 error(s), 0 left on base; Penn State 2 - Saint John's 6
BOTTOM OF THE 6TH
Saint John's Red Storm batting - Pitching for Penn State Nittany Lions : RHP John Parks
Batting: RHB Fred Wagner 0-0: Swinging Strike
0-1: Ball
1-1: Called Strike
1-2: Ball
2-2: Foul Ball, location: 2F
2-2: Ball
3-2: Base on Balls
Batting: RHB Jeffery Evans 0-0: Ball
1-0: Ball
2-0: Ball
3-0: Base on Balls
Fred Wagner to second
Batting: SHB Richard Coupland 0-0: Called Strike
0-1: Foul Ball, location: 2F
0-2: Strikes out looking
Batting: LHB Richard Shelton 0-0: Foul Ball, location: 2F
0-1: 3-RUN HOME RUN (Flyball, 8RXD), Distance : 398 ft
Pitching: RHP Travis Weston
Batting: RHB Mark Lester 0-0: Ball
1-0: Called Strike
1-1: Swinging Strike
1-2: Foul Ball, location: 2F
1-2: Reached on error, E5 (Groundball, 56S)
Batting: SHB Michael O'Quigley 0-0: Called Strike
0-1: Ball
1-1: Ball
2-1: Ball
3-1: Base on Balls
Batting: RHB Pete King 0-0: Called Strike
0-1: Foul Ball, location: 2F
0-2: Ball
1-2: Fly out, F8 (Flyball, 89M)
Batting: RHB Thomas Barnes 0-0: Foul Ball, location: 2F
0-1: Ball
1-1: Called Strike
1-2: Strikes out swinging
Bottom of the 6th over - 3 run(s), 1 hit(s), 1 error(s), 2 left on base; Penn State 2 - Saint John's 9
TOP OF THE 7TH
Penn State Nittany Lions batting - Pitching for Saint John's Red Storm : RHP Andrew Luna
Batting: SHB Francisco Madrigal 0-0: Ball
1-0: Ball
2-0: Called Strike
2-1: Foul Ball, location: 2F
2-2: Strikes out swinging
Batting: LHB Mauro Flores 0-0: Swinging Strike
0-1: Fly out, F9 (Flyball, 9S)
Batting: LHB James Macías 0-0: Called Strike
0-1: Ball
1-1: Fly out, F9 (Flyball, 9LS)
Top of the 7th over - 0 run(s), 0 hit(s), 0 error(s), 0 left on base; Penn State 2 - Saint John's 9
BOTTOM OF THE 7TH
Saint John's Red Storm batting - Pitching for Penn State Nittany Lions : RHP Travis Weston
Batting: SHB Roderick Thurman 0-0: Ball
1-0: Ball
2-0: SINGLE (Flyball, 8RS)
Batting: RHB Fred Wagner 0-0: Ball
1-0: Foul Ball, location: 2F
1-1: Foul Ball, location: 2F
1-2: Foul Ball, location: 2F
1-2: Ball
Wild Pitch!
Roderick Thurman to second
2-2: SINGLE (Flyball, 89S)
Roderick Thurman to third
Batting: RHB Jeffery Evans 0-0: Ball
1-0: Ball
2-0: Fly out, F8 (Flyball, 78M)
Runner from 3rd tags up, SCORES, no throw
Batting: SHB Richard Coupland 0-0: Ball
1-0: Swinging Strike
1-1: Ball
2-1: Foul Ball, location: 2F
2-2: Foul Ball, location: 2F
2-2: Strikes out swinging
Batting: LHB Richard Shelton 0-0: Ball
1-0: Ball
2-0: Swinging Strike
2-1: Foul Ball, location: 2F
2-2: Foul Ball, location: 2F
2-2: Ball
3-2: Base on Balls
Fred Wagner to second
Batting: RHB Mark Lester 0-0: Called Strike
0-1: Swinging Strike
0-2: Strikes out looking
Bottom of the 7th over - 1 run(s), 2 hit(s), 0 error(s), 2 left on base; Penn State 2 - Saint John's 10
TOP OF THE 8TH
Penn State Nittany Lions batting - Pitching for Saint John's Red Storm : RHP Andrew Luna
Now at C: Javier Rosado
Now at 2B: Timothy McBride
Batting: LHB Steve King 0-0: Foul Ball, location: 2F
0-1: Foul Ball, location: 2F
0-2: Ground out 6-3 (Groundball, 6M)
Batting: SHB Danny Parkins 0-0: Ball
1-0: Ball
2-0: Called Strike
2-1: Fly out, F9 (Flyball, 9)
Batting: RHB José Rodríguez 0-0: Swinging Strike
0-1: Ball
1-1: Ball
2-1: Ground out 5-3 (Groundball, 56S)
Top of the 8th over - 0 run(s), 0 hit(s), 0 error(s), 0 left on base; Penn State 2 - Saint John's 10
BOTTOM OF THE 8TH
Saint John's Red Storm batting - Pitching for Penn State Nittany Lions : RHP Travis Weston
Batting: SHB Michael O'Quigley 0-0: Called Strike
0-1: Ball
1-1: Ground out 6-3 (Groundball, 6)
Batting: RHB Pete King 0-0: Ball
1-0: Called Strike
1-1: Ball
2-1: Foul Ball, location: 2F
2-2: Ball
3-2: Base on Balls
Pitching: RHP Jacob Nolan
Batting: RHB Thomas Barnes 0-0: Called Strike
0-1: Swinging Strike
0-2: Strikes out swinging
Batting: SHB Roderick Thurman 0-0: Foul Ball, location: 2F
0-1: Ball
1-1: Called Strike
1-2: Foul Ball, location: 2F
1-2: Foul Ball, location: 2F
1-2: Strikes out swinging
Bottom of the 8th over - 0 run(s), 0 hit(s), 0 error(s), 1 left on base; Penn State 2 - Saint John's 10
TOP OF THE 9TH
Penn State Nittany Lions batting - Pitching for Saint John's Red Storm : RHP Andrew Luna
Batting: RHB Lane Wilcox 0-0: Ball
1-0: Ground out 3-1 (Groundball, 34)
Batting: LHB Bill Green 0-0: Called Strike
0-1: Ball
1-1: Foul Ball, location: 2F
1-2: Strikes out swinging
Batting: LHB Ángel Santos 0-0: Swinging Strike
0-1: Ball
1-1: Ground out 6-3 (Groundball, 6M)
Top of the 9th over - 0 run(s), 0 hit(s), 0 error(s), 0 left on base; Penn State 2 - Saint John's 10
Tuesday, August 8th, 2017 - OOTP Baseball 17.12 Build 75